 Dungeon Crawl Stone Soup version 0.31-a0-198-g2ad674f65e (webtiles) character file.

Game seed: 2727467444223052914

38 qw the Shooter (level 3, -2/20 HPs)
             Began as a Deep Elf Hunter on June 25, 2023.
             Slain by Ijyb
             ... wielding a +0 dagger
              (3 damage)
             ... on level 2 of the Dungeon.
             The game lasted 00:00:20 (744 turns).

qw the Shooter (Deep Elf Hunter)                     Turns: 744, Time: 00:00:20

Health: -2/20      AC:  3    Str: 10    XL:     3   Next: 25%
Magic:  5/5        EV: 12    Int: 13    God:
Gold:   51         SH:  0    Dex: 18    Spells: 2/2 levels left

rFire   . . .        Y - +0 shortbow
rCold   . . .        (shield currently unavailable)
rNeg    . . .        c - +0 leather armour
rPois   +            (no helmet)
rElec   .            (no cloak)
rCorr   .            (no gloves)
SInv    .            (no boots)
Will    .....        (no amulet)
Stlth   ++           j - ring of poison resistance
HPRegen 0.23/turn    (no ring)
MPRegen 0.09/turn

%: no passive effects
@: no status effects
A: no striking features
a: no special abilities


You were on level 2 of the Dungeon.
You visited 1 branch of the dungeon, and saw 2 of its levels.

You collected 51 gold pieces.


   Skills:
 - Level 1.5 Fighting
 + Level 6.8 Ranged Weapons
 - Level 2.4 Dodging
 - Level 1.2 Stealth


You had 2 spell levels left.
You didn't know any spells.
Your spell library was empty.

Inventory:

Hand Weapons
 Y - a +0 shortbow (weapon)
Armour
 c - a +0 leather armour (worn)
Jewellery
 j - a ring of poison resistance (left hand)
Scrolls
 a - 3 scrolls of noise {unknown}
Potions
 b - a potion of enlightenment {unknown}
 k - a potion of experience {unknown}
 l - a potion of berserk rage {unknown}

Dungeon Overview and Level Annotations

Branches:
Dungeon (2/15)

Altars:

Annotations:
D:2 Ijyb


Message History

The goblin shouts! x3; You hear a shout!
A goblin comes into view. It is wielding a +0 dagger. x2
The goblin unwields a +0 dagger.
The goblin wields a +0 sling.
The goblin shoots a sling bullet.
The sling bullet barely misses you.
Enter note:
Enter note:
Enter note:
Enter note: You shoot an arrow.
The goblin shouts! x2
The arrow hits the goblin!
You kill the goblin!
Ijyb the Twisted Goblin comes into view.
She is wielding a +0 dagger and carrying a wand of flame (18).
You shoot an arrow. The arrow hits the goblin.
You kill the goblin!
You shoot an arrow. The arrow completely misses the goblin.
You shoot an arrow. The arrow hits the goblin!
You kill the goblin!
You shoot an arrow. The arrow completely misses the goblin.
You shoot an arrow. The arrow barely misses Ijyb.
The arrow closely misses the goblin.
You shoot an arrow. The arrow hits Ijyb but does no damage.
Ijyb zaps a wand.
The puff of flame hits you.
You shoot an arrow. The arrow hits Ijyb but does no damage.
You shoot an arrow. The arrow hits Ijyb.
Ijyb is moderately wounded.
You shoot an arrow. The arrow hits Ijyb but does no damage.
Ijyb is moderately wounded.
The goblin hits you but does no damage. Ijyb hits you with a +0 dagger.
The goblin hits you with a +0 dagger.
You shoot an arrow. The arrow barely misses Ijyb.
The goblin hits you with a +0 dagger. Ijyb hits you with a +0 dagger.
The goblin hits you but does no damage.
You shoot an arrow. The arrow barely misses Ijyb.
Ijyb hits you with a +0 dagger. The goblin closely misses you.
The goblin hits you with a +0 dagger.
You shoot an arrow. The arrow hits Ijyb!
Ijyb is heavily wounded.
Ijyb hits you with a +0 dagger.
You die...

#.... ##..# #..# #..#
###.###############...
.%....................
#.###...#########..#
#####.g...####### #..#
......g@.## #...# ###...
......g#..# #...###.....
8....)8##.###...##..#..#
.....). #..##...#..##..#
8.....8###.###..#.##....
..)....#...###.........#
8.....8#...#........<..#
.).....#.......##.##...#
#....#####....)..


You could see Ijyb and 2 goblins.

Vanquished Creatures
  A worm (D:2)
  3 endoplasms
  2 giant cockroaches
  6 goblins
  2 hobgoblins (D:2)
  4 jackals (D:2)
  A quokka (D:2)
  2 ball pythons
  4 bats
  A frilled lizard (D:1)
  2 kobolds
  3 rats (D:2)
31 creatures vanquished.

Notes
Turn   | Place    | Note
-------+----------+-------------------------------------------
     0 | D:1      | qw the Deep Elf Hunter began the quest for the Orb.
     0 | D:1      | Reached XP level 1. HP: 12/12 MP: 3/3
     0 | D:1      | 0 ||| qw: Version: 0.3-a-22-g0ed2b0b
     0 | D:1      | 0 ||| qw: Game counter: 5300
     0 | D:1      | 0 ||| qw: Melee chars always use a shield: true
     0 | D:1      | 0 ||| qw: God list: Okawaru
     0 | D:1      | 0 ||| qw: Allow faded altars: false
     0 | D:1      | 0 ||| qw: Do Orc after clearing Dungeon:15 true
     0 | D:1      | 0 ||| qw: Do second Lair branch before Depths: true
     0 | D:1      | 0 ||| qw: Lair rune preference: random
     0 | D:1      | 0 ||| qw: Goals: Normal
     0 | D:1      | 0 ||| PLANNING D:1-11
   271 | D:1      | Reached XP level 2. HP: 16/16 MP: 4/4
   312 | D:1      | Reached skill level 6 in Ranged Weapons
   499 | D:1      | 499 ||| UPGRADING to ring of poison resistance.
   500 | D:1      | 500 ||| READING scroll labelled QOUDGH FEOTUF.
   501 | D:1      | 501 ||| READING scroll labelled FIMAWU ITSALYE.
   502 | D:1      | 502 ||| READING scroll labelled NOGYIKKIPOH.
   503 | D:1      | 503 ||| READING scroll labelled RAOLIH ENNOTA.
   506 | D:1      | 506 ||| READING scroll labelled NENLEU VOINGU.
   507 | D:1      | 507 ||| READING scroll labelled YNLEXA GIUMINGIPT.
   508 | D:1      | 508 ||| DROPPING scroll of butterflies.
   675 | D:2      | Reached XP level 3. HP: 19/20 MP: 5/5
   732 | D:2      | Noticed Ijyb
   742 | D:2      | HP: 3/20 [Ijyb/+0 dagger (5)]
   743 | D:2      | HP: 1/20 [goblin/+0 dagger (1)]
   744 | D:2      | Slain by Ijyb

Levels and vault maps discovered:
D:1:      dpeg_arrival_tiny_i, layout_rooms, minmay_misc_feat_room,
          minmay_strange_pillars
D:2:      kennysheep_the_goblin_king, layout_rooms

Skill      XL: |  1  2 |
---------------+-------+-----
Ranged Weapons | 6 |  6.8
Fighting       | |  1.5
Dodging        | |  2.4
Stealth        | |  1.2

Action                     || total
---------------------------++-------
   Fire: Shortbow          ||    75
    Use: Scroll            ||     6
 Armour: Leather armour    ||     5
  Dodge: Dodged            ||     9

Table legend:
 A = Non-vault XP
 B = Vault XP
 C = Vault XP percentage of total XP
 D = Non-vault monster count
 E = Vault monster count
 F = Vault count percentage of total count
                 A         B        C        D         E       F
            +---------+---------+-------+---------+---------+-------
      Total |      48 |       7 |  12.7 |      27 |       4 |  12.9
            +---------+---------+-------+---------+---------+-------
        D:1 |      15 |       0 |   0.0 |      10 |       0 |   0.0
        D:2 |      33 |       7 |  17.5 |      17 |       4 |  19.0
            +---------+---------+-------+---------+---------+-------
